[ AOE2 MATCH · #470016631 ]
UnrankedJapanese vs Bengalis
[ REPLAY ANALYSIS · EXTRACTED FROM THE RECORDED GAME ]
Feudal
8:29
Castle
23:50
Imperial
41:12
| APM avg | 43.5 |
| APM peak | 86 |
| eAPM avg | 21.8 |
| Villagers / military | 125 / 96 |
Focus
⚔️ 36.0% · 🌾 64.0%
Archer ×61 · Fishing Ship ×20 · Monk ×14 · Mangonel ×9 · Spearman ×6 · Demolition Raft ×3
Feudal
11:27
Castle
15:26
Imperial
35:56
| APM avg | 32.2 |
| APM peak | 79 |
| eAPM avg | 19.2 |
| Villagers / military | 153 / 227 |
Focus
⚔️ 47.1% · 🌾 52.9%
Rattan Archer ×168 · Skirmisher ×45 · Fire Lancer ×8 · Bombard Cannon ×5 · Trebuchet (Packed) ×1
Feudal
9:19
Castle
19:28
Imperial
33:21
| APM avg | 48.9 |
| APM peak | 98 |
| eAPM avg | 32.7 |
| Villagers / military | 189 / 102 |
Focus
⚔️ 54.5% · 🌾 45.5%
Battle Elephant ×72 · Mangonel ×21 · Scout Cavalry ×4 · Trebuchet (Packed) ×4 · Monk ×1
Feudal
11:02
Castle
14:39
Imperial
39:19
| APM avg | 61.6 |
| APM peak | 121 |
| eAPM avg | 29.5 |
| Villagers / military | 238 / 159 |
Focus
⚔️ 39.1% · 🌾 60.9%
Conquistador ×79 · Knight ×50 · Scout Cavalry ×19 · Scorpion ×11
Feudal
10:34
Castle
14:29
Imperial
31:21
| APM avg | 45.8 |
| APM peak | 92 |
| eAPM avg | 18.0 |
| Villagers / military | 133 / 95 |
Focus
⚔️ 43.6% · 🌾 56.4%
Unknown (2579) ×144 · Spearman ×81 · Battering Ram ×7 · Trebuchet (Packed) ×7
Feudal
10:15
Castle
17:39
Imperial
36:32
| APM avg | 23.9 |
| APM peak | 66 |
| eAPM avg | 14.6 |
| Villagers / military | 100 / 352 |
Focus
⚔️ 29.6% · 🌾 70.4%
Cavalry Archer ×261 · Skirmisher ×84 · Trade Cart ×32 · Keshik ×5 · Hand Cannoneer ×2
Feudal
10:08
Castle
16:05
Imperial
37:42
| APM avg | 27.6 |
| APM peak | 66 |
| eAPM avg | 13.1 |
| Villagers / military | 143 / 259 |
Focus
⚔️ 26.8% · 🌾 73.2%
Scout Cavalry ×126 · Mangudai ×124 · Trebuchet (Packed) ×5 · Monk ×4
Feudal
10:07
Castle
22:12
Imperial
41:11
| APM avg | 25.3 |
| APM peak | 48 |
| eAPM avg | 12.4 |
| Villagers / military | 147 / 114 |
Focus
⚔️ 28.6% · 🌾 71.4%
Archer ×95 · Knight ×11 · Trebuchet (Packed) ×6 · Mangonel ×2
Match map
Initial resources + every placement click. Lines = walls · curves = elevation contours. ◆ gold · ⬟ stone · ● berries · ✦ relic · ◌ wall gap
Your base· ✓ Map-separated
Gjørme's base· ✓ Map-separated
KIV.4dd44's base· ✓ Map-separated
sHeoG0ratH's base· ✓ Map-separated
SeiyaPegasus's base· ✓ Map-separated
4-_-Dreams's base· ✓ Map-separated
Tex_T_Fode's base· ✓ Map-separated
KIV.Brändy's base· ✓ Map-separated
Smoothed initial terrain · ◌ = detected wall gap · hover for details
Inputs per minute
— VinceVinVin - - Gjørme
Build order — VinceVinVin
First 150 of 398 actions detected
| 0:00 | Queue | Villager (Male) |
| 0:01 | Queue | Villager (Male) |
| 0:01 | Queue | Villager (Male) |
| 0:01 | Queue | Villager (Male) |
| 0:02 | Queue | Villager (Male) |
| 0:03 | Build | House |
| 0:07 | Build | House |
| 1:23 | Build | Lumber Camp |
| 1:25 | Queue | Villager (Male) |
| 1:25 | Queue | Villager (Male) |
| 2:04 | Queue | Villager (Male) |
| 2:04 | Queue | Villager (Male) |
| 2:33 | Queue | Villager (Male) |
| 2:33 | Queue | Villager (Male) |
| 2:38 | Queue | Villager (Male) |
| 2:38 | Queue | Villager (Male) |
| 3:01 | Queue | Villager (Male) |
| 3:01 | Queue | Villager (Male) |
| 3:31 | Build | House |
| 3:48 | Queue | Villager (Male) |
| 3:48 | Queue | Villager (Male) |
| 3:58 | Queue | Villager (Male) |
| 3:58 | Queue | Villager (Male) |
| 4:02 | Queue | Villager (Male) |
| 4:34 | Queue | Villager (Male) |
| 5:05 | Queue | Villager (Male) |
| 5:16 | Build | Dock |
| 5:21 | Queue | Villager (Male) |
| 5:21 | Queue | Villager (Male) |
| 5:30 | Queue | Villager (Male) |
| 5:59 | Queue | Villager (Male) |
| 6:19 | Research | Feudal Age |
| 6:32 | Build | Lumber Camp |
| 6:53 | Build | House |
| 7:05 | Build | Lumber Camp |
| 7:12 | Build | Lumber Camp |
| 7:40 | Queue | Fishing Ship |
| 7:49 | Queue | Villager (Male) |
| 8:15 | Queue | Fishing Ship |
| 8:29 | Age | Feudal Age |
| 8:30 | Build | Fish Trap |
| 8:33 | Research | Double-Bit Axe |
| 8:35 | Queue | Villager (Male) |
| 9:02 | Build | House |
| 9:08 | Build | Fish Trap |
| 9:09 | Queue | Demolition Raft |
| 9:14 | Queue | Fishing Ship |
| 9:20 | Research | Loom |
| 9:32 | Queue | Villager (Male) |
| 9:36 | Build | House |
| 9:55 | Queue | Fishing Ship |
| 9:58 | Build | Fish Trap |
| 10:01 | Queue | Villager (Male) |
| 10:16 | Build | Barracks |
| 10:28 | Queue | Fishing Ship |
| 10:31 | Queue | Villager (Male) |
| 10:31 | Queue | Villager (Male) |
| 10:32 | Queue | Villager (Male) |
| 10:44 | Build | Fish Trap |
| 11:00 | Build | House |
| 11:14 | Build | Dock |
| 11:16 | Queue | Spearman |
| 11:24 | Build | Fish Trap |
| 11:25 | Queue | Villager (Male) |
| 11:34 | Queue | Villager (Male) |
| 11:59 | Build | Palisade Wall |
| 12:01 | Queue | Villager (Male) |
| 12:06 | Queue | Fishing Ship |
| 12:06 | Queue | Fishing Ship |
| 12:15 | Build | House |
| 12:17 | Build | House |
| 12:19 | Queue | Villager (Male) |
| 12:25 | Build | Lumber Camp |
| 12:28 | Build | Mining Camp |
| 12:28 | Queue | Villager (Male) |
| 12:34 | Queue | Fishing Ship |
| 12:34 | Queue | Fishing Ship |
| 13:04 | Queue | Villager (Male) |
| 13:07 | Queue | Villager (Male) |
| 13:13 | Build | Fish Trap |
| 13:14 | Queue | Villager (Male) |
| 13:19 | Queue | Villager (Male) |
| 13:31 | Queue | Villager (Male) |
| 13:34 | Build | Fish Trap |
| 13:44 | Build | Lumber Camp |
| 13:51 | Build | Fish Trap |
| 13:54 | Build | Fish Trap |
| 13:59 | Build | House |
| 14:04 | Build | House |
| 14:16 | Build | Palisade Wall |
| 14:16 | Build | Palisade Wall |
| 14:17 | Build | Palisade Wall |
| 14:23 | Queue | Spearman |
| 14:23 | Queue | Spearman |
| 14:28 | Queue | Fire Galley |
| 14:37 | Build | House |
| 14:40 | Build | House |
| 14:45 | Build | Dock |
| 14:48 | Build | Palisade Wall |
| 14:57 | Queue | Spearman |
| 14:59 | Queue | Villager (Male) |
| 15:14 | Build | Mill |
| 15:23 | Build | Palisade Wall |
| 15:28 | Queue | Villager (Male) |
| 15:31 | Queue | Fishing Ship |
| 15:31 | Queue | Fishing Ship |
| 15:33 | Queue | Villager (Male) |
| 15:44 | Build | Farm |
| 15:44 | Build | Farm |
| 15:44 | Build | Farm |
| 15:44 | Build | Farm |
| 15:45 | Build | Farm |
| 15:45 | Build | Farm |
| 15:45 | Build | Farm |
| 15:49 | Research | Horse Collar |
| 16:14 | Build | Fish Trap |
| 16:18 | Build | Fish Trap |
| 16:19 | Queue | Villager (Male) |
| 16:26 | Build | House |
| 16:30 | Build | House |
| 16:31 | Build | House |
| 16:35 | Queue | Villager (Male) |
| 16:40 | Build | Fish Trap |
| 16:43 | Queue | Villager (Male) |
| 16:43 | Queue | Villager (Male) |
| 16:47 | Build | Farm |
| 16:48 | Build | Farm |
| 17:16 | Queue | Spearman |
| 17:18 | Queue | Spearman |
| 17:36 | Queue | Villager (Male) |
| 17:51 | Queue | Demolition Raft |
| 18:05 | Queue | Villager (Male) |
| 18:07 | Build | Archery Range |
| 18:27 | Build | Lumber Camp |
| 18:38 | Research | Wheelbarrow |
| 18:50 | Build | Market |
| 18:58 | Build | House |
| 19:01 | Queue | Archer |
| 19:02 | Queue | Archer |
| 19:18 | Queue | Villager (Male) |
| 19:23 | Queue | Villager (Male) |
| 19:25 | Build | Archery Range |
| 19:27 | Build | Archery Range |
| 19:35 | Build | Gate |
| 19:41 | Build | House |
| 19:42 | Build | Palisade Wall |
| 19:49 | Queue | Villager (Male) |
| 20:09 | Build | Palisade Wall |
| 20:13 | Build | Farm |
| 20:17 | Queue | Archer |
Build order — Gjørme
First 150 of 511 actions detected
| 0:01 | Queue | Villager (Male) |
| 0:01 | Queue | Villager (Male) |
| 0:01 | Queue | Villager (Male) |
| 0:03 | Build | House |
| 0:04 | Build | House |
| 0:24 | Queue | Villager (Male) |
| 0:24 | Queue | Villager (Male) |
| 1:32 | Queue | Villager (Male) |
| 1:32 | Queue | Villager (Male) |
| 1:55 | Queue | Villager (Male) |
| 1:55 | Queue | Villager (Male) |
| 2:24 | Queue | Villager (Male) |
| 2:24 | Queue | Villager (Male) |
| 3:05 | Queue | Villager (Male) |
| 3:42 | Queue | Villager (Male) |
| 3:42 | Queue | Villager (Male) |
| 3:51 | Build | House |
| 3:53 | Build | Lumber Camp |
| 4:17 | Queue | Villager (Male) |
| 4:17 | Queue | Villager (Male) |
| 4:17 | Queue | Villager (Male) |
| 4:18 | Queue | Villager (Male) |
| 4:18 | Queue | Villager (Male) |
| 4:37 | Queue | Villager (Male) |
| 4:49 | Queue | Villager (Male) |
| 5:00 | Build | House |
| 5:02 | Build | House |
| 5:25 | Queue | Villager (Male) |
| 6:17 | Build | Mill |
| 6:41 | Queue | Villager (Male) |
| 7:05 | Queue | Villager (Male) |
| 7:09 | Build | Farm |
| 7:10 | Build | Farm |
| 7:14 | Build | Farm |
| 7:29 | Queue | Villager (Male) |
| 7:30 | Queue | Villager (Male) |
| 7:31 | Queue | Villager (Male) |
| 9:07 | Research | Feudal Age |
| 9:25 | Build | Farm |
| 9:28 | Build | Farm |
| 9:30 | Build | Farm |
| 10:39 | Build | Farm |
| 10:44 | Build | Farm |
| 10:55 | Queue | Villager (Male) |
| 10:56 | Queue | Villager (Male) |
| 11:02 | Build | Farm |
| 11:27 | Age | Feudal Age |
| 11:32 | Build | Blacksmith |
| 11:35 | Build | Market |
| 11:57 | Build | Farm |
| 12:18 | Research | Loom |
| 12:46 | Research | Castle Age |
| 13:21 | Build | House |
| 13:22 | Build | House |
| 13:23 | Research | Double-Bit Axe |
| 14:07 | Build | Lumber Camp |
| 14:14 | Research | Horse Collar |
| 14:22 | Build | House |
| 15:01 | Queue | Villager (Male) |
| 15:21 | Queue | Villager (Male) |
| 15:26 | Age | Castle Age |
| 15:28 | Build | Town Center |
| 15:37 | Queue | Villager (Male) |
| 15:56 | Build | Town Center |
| 16:10 | Build | Palisade Wall |
| 16:12 | Build | Palisade Wall |
| 16:16 | Build | Palisade Wall |
| 16:18 | Build | Palisade Wall |
| 16:19 | Build | Palisade Wall |
| 16:26 | Queue | Villager (Male) |
| 16:27 | Queue | Villager (Male) |
| 16:35 | Build | Farm |
| 16:47 | Queue | Villager (Male) |
| 16:47 | Queue | Villager (Male) |
| 16:47 | Queue | Villager (Male) |
| 16:48 | Queue | Villager (Male) |
| 16:54 | Build | Farm |
| 17:01 | Queue | Villager (Male) |
| 17:01 | Queue | Villager (Male) |
| 17:01 | Queue | Villager (Male) |
| 17:19 | Queue | Villager (Male) |
| 17:21 | Build | Farm |
| 17:25 | Build | Farm |
| 17:36 | Queue | Villager (Male) |
| 17:42 | Build | Farm |
| 17:45 | Build | Farm |
| 17:49 | Queue | Villager (Male) |
| 17:50 | Queue | Villager (Male) |
| 18:11 | Queue | Villager (Male) |
| 18:15 | Build | Farm |
| 18:24 | Queue | Villager (Male) |
| 18:27 | Build | Farm |
| 18:33 | Build | Farm |
| 18:35 | Queue | Villager (Male) |
| 18:38 | Build | House |
| 18:51 | Queue | Villager (Male) |
| 18:51 | Queue | Villager (Male) |
| 18:51 | Queue | Villager (Male) |
| 19:00 | Build | Farm |
| 19:03 | Queue | Villager (Male) |
| 19:06 | Build | Farm |
| 19:09 | Queue | Villager (Male) |
| 19:09 | Queue | Villager (Male) |
| 19:23 | Build | House |
| 19:24 | Build | House |
| 19:25 | Build | House |
| 19:27 | Queue | Villager (Male) |
| 19:27 | Queue | Villager (Male) |
| 19:29 | Queue | Villager (Male) |
| 19:29 | Queue | Villager (Male) |
| 19:39 | Queue | Villager (Male) |
| 19:39 | Queue | Villager (Male) |
| 19:44 | Build | Farm |
| 19:55 | Build | Lumber Camp |
| 20:05 | Queue | Villager (Male) |
| 20:05 | Queue | Villager (Male) |
| 20:06 | Queue | Villager (Male) |
| 20:06 | Queue | Villager (Male) |
| 20:09 | Queue | Villager (Male) |
| 20:18 | Queue | Villager (Male) |
| 20:26 | Build | Barracks |
| 20:28 | Queue | Villager (Male) |
| 20:28 | Queue | Villager (Male) |
| 20:50 | Research | Bow Saw |
| 21:00 | Queue | Villager (Male) |
| 21:00 | Queue | Villager (Male) |
| 21:20 | Research | Fletching |
| 21:20 | Research | Fletching |
| 21:25 | Build | House |
| 21:26 | Build | House |
| 21:27 | Build | House |
| 21:42 | Build | Archery Range |
| 21:50 | Queue | Villager (Male) |
| 21:51 | Queue | Villager (Male) |
| 21:51 | Queue | Villager (Male) |
| 21:51 | Queue | Villager (Male) |
| 21:51 | Queue | Villager (Male) |
| 22:02 | Build | Archery Range |
| 22:12 | Queue | Skirmisher |
| 22:16 | Queue | Villager (Male) |
| 22:17 | Queue | Villager (Male) |
| 22:18 | Queue | Villager (Male) |
| 22:21 | Build | Farm |
| 22:28 | Build | Farm |
| 22:31 | Build | Farm |
| 22:33 | Build | Farm |
| 22:37 | Build | Farm |
| 22:39 | Queue | Skirmisher |
| 22:45 | Build | House |
| 22:46 | Build | House |
Build order — KIV.4dd44
First 150 of 391 actions detected
| 0:02 | Queue | Villager (Male) |
| 0:02 | Queue | Villager (Male) |
| 0:03 | Build | House |
| 0:05 | Build | House |
| 0:11 | Queue | Villager (Male) |
| 0:11 | Queue | Villager (Male) |
| 1:25 | Queue | Villager (Male) |
| 1:26 | Queue | Villager (Male) |
| 1:48 | Build | Lumber Camp |
| 1:58 | Queue | Villager (Male) |
| 1:58 | Queue | Villager (Male) |
| 2:21 | Queue | Villager (Male) |
| 2:21 | Queue | Villager (Male) |
| 2:45 | Queue | Villager (Male) |
| 2:45 | Queue | Villager (Male) |
| 3:07 | Queue | Villager (Male) |
| 3:07 | Queue | Villager (Male) |
| 3:29 | Build | House |
| 3:30 | Build | House |
| 3:41 | Queue | Villager (Male) |
| 3:41 | Queue | Villager (Male) |
| 4:07 | Queue | Villager (Male) |
| 4:19 | Queue | Villager (Male) |
| 4:52 | Build | Mill |
| 4:55 | Queue | Villager (Male) |
| 5:02 | Queue | Villager (Male) |
| 5:28 | Queue | Villager (Male) |
| 5:55 | Queue | Villager (Male) |
| 5:56 | Queue | Villager (Male) |
| 5:56 | Research | Loom |
| 6:30 | Queue | Villager (Male) |
| 7:09 | Research | Feudal Age |
| 7:52 | Build | Barracks |
| 8:05 | Build | House |
| 8:11 | Queue | Villager (Male) |
| 9:19 | Age | Feudal Age |
| 9:28 | Build | Stable |
| 9:30 | Build | House |
| 9:32 | Research | Double-Bit Axe |
| 9:33 | Research | Horse Collar |
| 9:35 | Build | Lumber Camp |
| 9:42 | Build | House |
| 9:47 | Queue | Villager (Male) |
| 9:59 | Build | Farm |
| 10:08 | Queue | Villager (Male) |
| 10:09 | Queue | Scout Cavalry ×2 |
| 10:16 | Build | Farm |
| 10:29 | Build | Farm |
| 10:33 | Build | Farm |
| 10:40 | Research | Loom |
| 11:00 | Build | Farm |
| 11:03 | Build | Farm |
| 11:05 | Build | Farm |
| 11:08 | Queue | Villager (Male) |
| 11:27 | Queue | Villager (Male) |
| 11:31 | Build | Farm |
| 11:33 | Build | Farm |
| 11:36 | Build | Farm |
| 11:42 | Queue | Scout Cavalry |
| 11:51 | Build | Farm |
| 11:55 | Queue | Villager (Male) |
| 11:57 | Build | Farm |
| 12:12 | Build | Farm |
| 12:15 | Build | Farm |
| 12:27 | Queue | Villager (Male) |
| 12:30 | Build | Mining Camp |
| 12:33 | Queue | Villager (Male) |
| 12:46 | Queue | Scout Cavalry |
| 12:59 | Build | Farm |
| 13:13 | Queue | Villager (Male) |
| 13:23 | Build | Blacksmith |
| 13:41 | Queue | Villager (Male) |
| 13:46 | Build | Farm |
| 13:53 | Research | Wheelbarrow |
| 14:09 | Queue | Villager (Male) |
| 14:22 | Queue | Villager (Male) |
| 14:35 | Build | House |
| 14:36 | Build | House |
| 14:39 | Build | House |
| 14:41 | Build | House |
| 14:50 | Build | House |
| 14:52 | Build | Lumber Camp |
| 16:09 | Queue | Villager (Male) |
| 16:48 | Research | Castle Age |
| 16:49 | Research | Castle Age |
| 17:01 | Build | Mining Camp |
| 18:15 | Queue | Villager (Male) |
| 18:58 | Queue | Villager (Male) |
| 19:22 | Build | House |
| 19:28 | Age | Castle Age |
| 19:36 | Build | Town Center |
| 19:43 | Build | Town Center |
| 19:47 | Queue | Villager (Male) |
| 19:49 | Research | Bow Saw |
| 19:50 | Research | Heavy Plow |
| 19:53 | Research | Hand Cart |
| 20:10 | Queue | Villager (Male) |
| 20:13 | Build | Town Center |
| 20:21 | Queue | Villager (Male) |
| 20:27 | Research | Stone Mining |
| 20:28 | Queue | Villager (Male) |
| 20:57 | Build | Monastery |
| 20:59 | Queue | Villager (Male) |
| 20:59 | Queue | Villager (Male) |
| 21:05 | Research | Gold Mining |
| 21:08 | Queue | Villager (Male) |
| 21:08 | Queue | Villager (Male) |
| 21:24 | Queue | Villager (Male) |
| 21:26 | Queue | Villager (Male) ×2 |
| 21:31 | Build | Farm |
| 21:34 | Queue | Villager (Male) ×2 |
| 21:37 | Build | Farm |
| 21:39 | Build | Farm |
| 21:41 | Build | Farm |
| 21:45 | Build | Farm |
| 21:47 | Queue | Villager (Male) ×5 |
| 21:50 | Queue | Monk |
| 21:52 | Queue | Villager (Male) |
| 22:24 | Queue | Villager (Male) ×4 |
| 22:24 | Queue | Villager (Male) ×4 |
| 22:28 | Queue | Villager (Male) |
| 22:28 | Queue | Villager (Male) |
| 22:29 | Queue | Villager (Male) |
| 22:30 | Build | Siege Workshop |
| 22:38 | Build | Farm |
| 22:38 | Build | Farm |
| 22:42 | Queue | Villager (Male) ×2 |
| 22:43 | Build | Farm |
| 23:15 | Queue | Mangonel |
| 23:15 | Queue | Mangonel |
| 23:16 | Queue | Mangonel |
| 23:28 | Queue | Villager (Male) ×5 |
| 23:33 | Build | Stone Wall |
| 23:34 | Build | Stone Wall |
| 23:35 | Queue | Villager (Male) ×2 |
| 23:38 | Build | Farm |
| 23:41 | Build | Farm |
| 23:44 | Build | Farm |
| 23:46 | Build | Farm |
| 24:00 | Queue | Villager (Male) |
| 24:10 | Build | Mining Camp |
| 24:13 | Research | Gold Shaft Mining |
| 24:15 | Build | Farm |
| 24:17 | Build | Farm |
| 24:23 | Queue | Mangonel |
| 24:28 | Queue | Villager (Male) |
| 24:33 | Queue | Villager (Male) |
| 24:43 | Queue | Villager (Male) ×3 |
| 24:46 | Build | House |
| 24:47 | Build | House |
Build order — sHeoG0ratH
First 150 of 635 actions detected
| 0:00 | Queue | Villager (Male) |
| 0:01 | Queue | Villager (Male) |
| 0:02 | Build | House |
| 0:03 | Build | House |
| 0:06 | Queue | Villager (Male) |
| 0:06 | Queue | Villager (Male) |
| 0:06 | Queue | Villager (Male) |
| 0:07 | Queue | Villager (Male) |
| 0:21 | Build | House |
| 1:26 | Queue | Villager (Male) |
| 1:50 | Build | Lumber Camp |
| 2:06 | Queue | Villager (Male) |
| 2:06 | Queue | Villager (Male) |
| 2:06 | Queue | Villager (Male) |
| 2:46 | Queue | Villager (Male) |
| 2:47 | Queue | Villager (Male) |
| 3:04 | Queue | Villager (Male) |
| 3:13 | Build | House |
| 3:37 | Queue | Villager (Male) |
| 3:37 | Queue | Villager (Male) |
| 4:12 | Queue | Villager (Male) |
| 4:12 | Queue | Villager (Male) |
| 4:35 | Queue | Villager (Male) |
| 4:35 | Queue | Villager (Male) |
| 4:35 | Queue | Villager (Male) |
| 5:06 | Queue | Villager (Male) |
| 5:07 | Queue | Villager (Male) |
| 5:15 | Queue | Villager (Male) |
| 5:15 | Queue | Villager (Male) |
| 5:15 | Queue | Villager (Male) |
| 5:33 | Queue | Villager (Male) |
| 5:33 | Queue | Villager (Male) |
| 6:02 | Build | Mill |
| 6:25 | Queue | Villager (Male) |
| 6:25 | Queue | Villager (Male) |
| 6:26 | Queue | Villager (Male) |
| 6:31 | Queue | Villager (Male) |
| 6:32 | Queue | Villager (Male) |
| 6:38 | Build | Farm |
| 6:40 | Build | Farm |
| 6:50 | Build | Farm |
| 7:14 | Queue | Villager (Male) |
| 7:23 | Build | House |
| 7:43 | Build | Farm |
| 8:19 | Build | Mining Camp |
| 8:45 | Research | Feudal Age |
| 8:45 | Research | Feudal Age |
| 9:16 | Queue | Villager (Male) |
| 9:17 | Queue | Villager (Male) |
| 9:28 | Build | Farm |
| 9:45 | Build | Farm |
| 10:20 | Build | Farm |
| 11:02 | Age | Feudal Age |
| 11:04 | Build | Market |
| 11:07 | Build | Blacksmith |
| 11:28 | Build | Mining Camp |
| 11:59 | Research | Castle Age |
| 12:00 | Research | Castle Age |
| 12:14 | Build | House |
| 12:56 | Research | Double-Bit Axe |
| 12:57 | Research | Double-Bit Axe |
| 13:10 | Build | Lumber Camp |
| 13:13 | Queue | Villager (Male) |
| 14:04 | Research | Horse Collar |
| 14:09 | Research | Gold Mining |
| 14:39 | Age | Castle Age |
| 14:43 | Queue | Villager (Male) |
| 14:57 | Queue | Villager (Male) |
| 15:01 | Research | Loom |
| 15:02 | Research | Loom |
| 15:09 | Build | Town Center |
| 15:12 | Queue | Villager (Male) |
| 15:54 | Build | Castle |
| 16:02 | Queue | Villager (Male) |
| 16:06 | Queue | Villager (Male) |
| 16:24 | Queue | Villager (Male) |
| 16:33 | Build | Farm |
| 16:41 | Build | Farm |
| 16:43 | Build | Farm |
| 16:52 | Queue | Villager (Male) |
| 16:52 | Queue | Villager (Male) |
| 16:55 | Build | Farm |
| 17:15 | Build | Mining Camp |
| 17:16 | Queue | Conquistador |
| 17:17 | Queue | Conquistador |
| 17:23 | Queue | Villager (Male) |
| 17:35 | Queue | Villager (Male) |
| 17:43 | Build | Farm |
| 17:45 | Build | Farm |
| 17:46 | Build | Farm |
| 17:50 | Queue | Conquistador |
| 17:50 | Queue | Conquistador |
| 18:00 | Build | Farm |
| 18:06 | Queue | Villager (Male) |
| 18:07 | Queue | Villager (Male) |
| 18:13 | Build | Farm |
| 18:30 | Queue | Conquistador |
| 18:30 | Queue | Conquistador |
| 18:31 | Queue | Villager (Male) |
| 18:31 | Queue | Villager (Male) |
| 18:32 | Queue | Villager (Male) |
| 18:35 | Build | Farm |
| 18:48 | Build | Farm |
| 18:49 | Queue | Villager (Male) |
| 18:49 | Queue | Villager (Male) |
| 18:59 | Queue | Villager (Male) |
| 19:01 | Build | Farm |
| 19:07 | Queue | Villager (Male) |
| 19:12 | Queue | Conquistador |
| 19:13 | Queue | Conquistador |
| 19:27 | Build | Farm |
| 19:28 | Queue | Conquistador |
| 19:31 | Queue | Villager (Male) |
| 19:31 | Queue | Villager (Male) |
| 19:31 | Queue | Villager (Male) |
| 19:38 | Build | Farm |
| 19:52 | Queue | Conquistador |
| 19:52 | Queue | Villager (Male) |
| 19:53 | Queue | Villager (Male) |
| 19:53 | Queue | Villager (Male) |
| 19:55 | Build | Farm |
| 20:02 | Queue | Villager (Male) |
| 20:19 | Queue | Villager (Male) |
| 20:30 | Queue | Conquistador |
| 20:38 | Queue | Villager (Male) |
| 20:50 | Queue | Villager (Male) |
| 21:05 | Queue | Conquistador |
| 21:10 | Queue | Villager (Male) |
| 21:10 | Queue | Villager (Male) |
| 21:15 | Queue | Villager (Male) |
| 21:21 | Build | Farm |
| 21:25 | Build | Farm |
| 21:25 | Build | Farm |
| 21:25 | Build | Farm |
| 21:25 | Build | Farm |
| 21:25 | Build | Farm |
| 21:30 | Queue | Villager (Male) |
| 21:36 | Build | Siege Workshop |
| 21:46 | Queue | Conquistador |
| 21:55 | Queue | Villager (Male) |
| 22:06 | Queue | Scorpion |
| 22:06 | Queue | Scorpion |
| 22:08 | Queue | Villager (Male) |
| 22:08 | Queue | Villager (Male) |
| 22:22 | Queue | Villager (Male) |
| 22:22 | Queue | Villager (Male) |
| 22:30 | Queue | Villager (Male) |
| 22:41 | Queue | Villager (Male) |
| 22:42 | Queue | Villager (Male) |
| 22:49 | Build | Farm |
Build order — SeiyaPegasus
First 150 of 475 actions detected
| 0:00 | Queue | Villager (Male) |
| 0:03 | Build | House |
| 0:04 | Build | House |
| 0:08 | Queue | Villager (Male) |
| 0:08 | Queue | Villager (Male) |
| 0:14 | Queue | Villager (Male) |
| 0:14 | Queue | Villager (Male) |
| 1:05 | Queue | Villager (Male) |
| 1:06 | Queue | Villager (Male) |
| 1:24 | Build | Settlement |
| 1:29 | Queue | Villager (Male) |
| 2:08 | Queue | Villager (Male) |
| 2:09 | Queue | Villager (Male) |
| 2:46 | Queue | Villager (Male) |
| 2:46 | Queue | Villager (Male) |
| 3:14 | Queue | Villager (Male) |
| 3:34 | Queue | Villager (Male) |
| 4:04 | Queue | Villager (Male) |
| 4:19 | Build | Settlement |
| 4:22 | Queue | Villager (Male) |
| 4:55 | Queue | Villager (Male) |
| 5:15 | Queue | Villager (Male) |
| 5:24 | Queue | Villager (Male) |
| 5:41 | Queue | Villager (Male) |
| 6:34 | Queue | Villager (Male) |
| 6:35 | Queue | Villager (Male) |
| 6:46 | Build | Farm |
| 6:48 | Build | Farm |
| 7:01 | Build | Farm |
| 7:17 | Build | Farm |
| 7:18 | Queue | Villager (Male) |
| 7:25 | Build | Farm |
| 7:28 | Build | Farm |
| 7:40 | Queue | Villager (Male) |
| 8:24 | Research | Feudal Age |
| 9:47 | Build | Farm |
| 10:01 | Queue | Villager (Male) |
| 10:13 | Queue | Villager (Male) |
| 10:18 | Build | House |
| 10:23 | Research | Loom |
| 10:34 | Age | Feudal Age |
| 10:37 | Build | Market |
| 10:51 | Build | Blacksmith |
| 11:41 | Research | Castle Age |
| 11:42 | Research | Castle Age |
| 12:07 | Research | Double-Bit Axe |
| 12:07 | Research | Double-Bit Axe |
| 12:28 | Research | Horse Collar |
| 12:28 | Research | Horse Collar |
| 13:43 | Research | Gold Mining |
| 13:44 | Research | Gold Mining |
| 13:47 | Research | Fletching |
| 13:47 | Research | Fletching |
| 13:48 | Research | Fletching |
| 14:26 | Queue | Villager (Male) |
| 14:29 | Age | Castle Age |
| 14:50 | Queue | Villager (Male) |
| 14:58 | Build | Castle |
| 15:02 | Build | Farm |
| 15:14 | Queue | Villager (Male) |
| 15:18 | Build | House |
| 15:24 | Build | Farm |
| 15:34 | Queue | Villager (Male) |
| 15:36 | Build | Farm |
| 15:39 | Build | Farm |
| 15:41 | Build | Farm |
| 16:05 | Queue | Villager (Male) |
| 16:25 | Queue | Villager (Male) |
| 16:39 | Queue | Villager (Male) |
| 16:45 | Build | Town Center |
| 16:52 | Queue | Villager (Male) |
| 16:55 | Queue | Unit 2579 |
| 17:10 | Queue | Unit 2579 |
| 17:44 | Queue | Villager (Male) |
| 17:48 | Build | Farm |
| 17:54 | Queue | Villager (Male) |
| 17:55 | Queue | Villager (Male) |
| 18:13 | Queue | Unit 2579 |
| 18:24 | Research | Bodkin Arrow |
| 18:24 | Research | Bodkin Arrow |
| 18:29 | Build | Farm |
| 18:36 | Queue | Unit 2579 |
| 18:44 | Queue | Villager (Male) |
| 18:46 | Build | Farm |
| 18:49 | Build | Farm |
| 18:50 | Build | Farm |
| 18:55 | Queue | Unit 2579 |
| 19:05 | Queue | Villager (Male) |
| 19:10 | Queue | Villager (Male) |
| 19:14 | Queue | Unit 2579 |
| 19:23 | Queue | Villager (Male) |
| 19:24 | Queue | Villager (Male) |
| 19:47 | Queue | Villager (Male) |
| 19:51 | Build | Settlement |
| 19:54 | Queue | Villager (Male) |
| 20:06 | Queue | Villager (Male) |
| 20:11 | Build | Farm |
| 20:23 | Queue | Villager (Male) |
| 20:24 | Queue | Villager (Male) |
| 20:35 | Queue | Unit 2579 |
| 20:44 | Queue | Villager (Male) |
| 20:48 | Queue | Villager (Male) |
| 20:51 | Build | Farm |
| 20:52 | Build | Farm |
| 20:54 | Build | Farm |
| 21:18 | Queue | Villager (Male) |
| 21:28 | Queue | Villager (Male) |
| 21:30 | Queue | Villager (Male) |
| 21:32 | Build | Farm |
| 21:35 | Queue | Unit 2579 |
| 21:41 | Queue | Villager (Male) |
| 21:41 | Queue | Villager (Male) |
| 21:46 | Queue | Villager (Male) |
| 21:47 | Queue | Unit 2579 |
| 22:01 | Queue | Villager (Male) |
| 22:06 | Queue | Villager (Male) |
| 22:09 | Build | Farm |
| 22:11 | Build | Farm |
| 22:11 | Queue | Unit 2579 |
| 22:19 | Research | Padded Archer Armor |
| 22:20 | Research | Padded Archer Armor |
| 22:30 | Build | House |
| 22:30 | Build | House |
| 22:38 | Queue | Villager (Male) |
| 22:41 | Queue | Villager (Male) |
| 22:42 | Queue | Unit 2579 |
| 23:02 | Queue | Villager (Male) |
| 23:14 | Queue | Villager (Male) |
| 23:16 | Queue | Villager (Male) |
| 23:19 | Queue | Villager (Male) |
| 23:20 | Queue | Villager (Male) |
| 23:27 | Build | Town Center |
| 23:29 | Queue | Villager (Male) |
| 23:32 | Queue | Unit 2579 |
| 23:39 | Queue | Villager (Male) |
| 23:56 | Queue | Villager (Male) |
| 23:57 | Queue | Villager (Male) |
| 24:14 | Research | Leather Archer Armor |
| 24:35 | Queue | Villager (Male) |
| 24:35 | Queue | Villager (Male) |
| 24:50 | Queue | Villager (Male) |
| 24:50 | Queue | Villager (Male) |
| 24:53 | Build | University |
| 24:59 | Build | Farm |
| 25:01 | Build | Farm |
| 25:17 | Queue | Villager (Male) |
| 25:20 | Build | Settlement |
| 25:22 | Build | Farm |
| 25:24 | Build | Farm |
| 25:51 | Queue | Villager (Male) |
Build order — 4-_-Dreams
First 150 of 361 actions detected
| 0:00 | Queue | Villager (Male) |
| 0:01 | Queue | Villager (Male) |
| 0:01 | Queue | Villager (Male) |
| 0:01 | Queue | Villager (Male) |
| 0:03 | Build | House |
| 0:05 | Build | House |
| 1:29 | Queue | Villager (Male) |
| 1:30 | Queue | Villager (Male) |
| 1:46 | Build | Lumber Camp |
| 2:04 | Queue | Villager (Male) |
| 2:05 | Queue | Villager (Male) |
| 2:36 | Build | House |
| 2:39 | Queue | Villager (Male) |
| 2:59 | Build | House |
| 3:14 | Queue | Villager (Male) |
| 3:14 | Queue | Villager (Male) |
| 3:45 | Queue | Villager (Male) |
| 3:45 | Queue | Villager (Male) |
| 4:12 | Queue | Villager (Male) |
| 4:22 | Queue | Villager (Male) |
| 4:43 | Queue | Villager (Male) |
| 5:33 | Build | Mill |
| 5:39 | Queue | Villager (Male) |
| 5:40 | Queue | Villager (Male) |
| 5:40 | Queue | Villager (Male) |
| 5:54 | Queue | Villager (Male) |
| 6:02 | Build | House |
| 6:04 | Queue | Villager (Male) |
| 6:40 | Build | Mining Camp |
| 7:14 | Queue | Villager (Male) |
| 8:05 | Research | Feudal Age |
| 8:05 | Research | Feudal Age |
| 8:34 | Build | House |
| 8:39 | Build | House |
| 8:40 | Build | House |
| 8:58 | Queue | Villager (Male) |
| 9:45 | Build | Farm |
| 9:46 | Build | Farm |
| 9:47 | Build | Farm |
| 9:51 | Build | Farm |
| 9:52 | Build | Farm |
| 9:56 | Build | Farm |
| 9:58 | Build | Farm |
| 10:15 | Age | Feudal Age |
| 10:24 | Queue | Villager (Male) |
| 10:42 | Queue | Villager (Male) |
| 10:54 | Build | Lumber Camp |
| 10:57 | Research | Double-Bit Axe |
| 10:58 | Research | Double-Bit Axe |
| 11:01 | Queue | Villager (Male) |
| 11:48 | Build | Farm |
| 11:50 | Build | Farm |
| 11:56 | Build | Farm |
| 11:57 | Queue | Villager (Male) |
| 11:58 | Queue | Villager (Male) |
| 12:17 | Queue | Villager (Male) |
| 12:36 | Build | Barracks |
| 12:48 | Build | Barracks |
| 13:01 | Queue | Villager (Male) |
| 13:27 | Build | Blacksmith |
| 13:30 | Queue | Villager (Male) |
| 13:39 | Build | House |
| 13:59 | Build | Archery Range |
| 14:05 | Queue | Villager (Male) |
| 14:16 | Queue | Villager (Male) |
| 14:31 | Build | Archery Range |
| 14:59 | Research | Castle Age |
| 14:59 | Research | Castle Age |
| 15:36 | Research | Gold Mining |
| 15:47 | Build | Archery Range |
| 16:00 | Research | Loom |
| 16:18 | Queue | Villager (Male) |
| 16:47 | Build | House |
| 16:48 | Build | House |
| 16:49 | Build | House |
| 16:56 | Research | Wheelbarrow |
| 17:14 | Research | Horse Collar |
| 17:15 | Research | Horse Collar |
| 17:39 | Age | Castle Age |
| 17:39 | Queue | Cavalry Archer ×5 |
| 17:40 | Queue | Cavalry Archer ×5 |
| 17:40 | Queue | Cavalry Archer |
| 17:48 | Queue | Cavalry Archer |
| 17:48 | Queue | Cavalry Archer |
| 17:51 | Queue | Villager (Male) |
| 18:22 | Build | Town Center |
| 18:25 | Queue | Villager (Male) |
| 18:31 | Queue | Cavalry Archer ×2 |
| 18:31 | Queue | Cavalry Archer ×2 |
| 18:34 | Queue | Villager (Male) |
| 18:42 | Build | House |
| 18:51 | Build | Mining Camp |
| 19:06 | Research | Fletching |
| 19:11 | Research | Padded Archer Armor |
| 19:11 | Research | Padded Archer Armor |
| 19:17 | Queue | Cavalry Archer |
| 19:17 | Queue | Cavalry Archer |
| 19:27 | Build | Farm |
| 19:41 | Queue | Cavalry Archer |
| 19:51 | Queue | Villager (Male) |
| 20:00 | Queue | Cavalry Archer |
| 20:00 | Queue | Cavalry Archer |
| 20:04 | Queue | Villager (Male) |
| 20:05 | Queue | Villager (Male) |
| 20:05 | Queue | Villager (Male) |
| 20:25 | Queue | Villager (Male) |
| 20:28 | Queue | Villager (Male) |
| 20:29 | Queue | Villager (Male) |
| 20:30 | Queue | Villager (Male) |
| 20:30 | Queue | Villager (Male) |
| 20:34 | Build | House |
| 20:35 | Build | House |
| 20:58 | Queue | Cavalry Archer ×3 |
| 20:59 | Queue | Cavalry Archer ×3 |
| 21:01 | Queue | Villager (Male) |
| 21:04 | Queue | Villager (Male) |
| 21:13 | Build | House |
| 21:23 | Build | Lumber Camp |
| 21:34 | Queue | Cavalry Archer |
| 21:34 | Queue | Cavalry Archer |
| 21:36 | Queue | Villager (Male) |
| 21:37 | Queue | Villager (Male) |
| 21:38 | Queue | Villager (Male) |
| 21:46 | Build | House |
| 21:54 | Queue | Villager (Male) |
| 22:22 | Build | House |
| 22:24 | Queue | Villager (Male) |
| 22:27 | Queue | Cavalry Archer ×2 |
| 22:27 | Queue | Cavalry Archer ×2 |
| 23:14 | Build | House |
| 23:17 | Queue | Villager (Male) |
| 23:17 | Queue | Villager (Male) |
| 23:17 | Queue | Villager (Male) |
| 23:20 | Queue | Cavalry Archer ×5 |
| 23:20 | Queue | Cavalry Archer ×5 |
| 23:23 | Queue | Villager (Male) |
| 23:23 | Queue | Villager (Male) |
| 23:23 | Queue | Villager (Male) |
| 23:24 | Queue | Villager (Male) |
| 23:24 | Queue | Villager (Male) |
| 23:24 | Queue | Villager (Male) |
| 23:25 | Queue | Villager (Male) |
| 23:41 | Build | House |
| 24:29 | Build | Lumber Camp |
| 24:33 | Build | House |
| 24:36 | Queue | Cavalry Archer ×5 |
| 24:37 | Queue | Cavalry Archer ×5 |
| 24:38 | Queue | Villager (Male) |
| 24:38 | Queue | Villager (Male) |
| 24:38 | Queue | Villager (Male) |
Build order — Tex_T_Fode
First 150 of 352 actions detected
| 0:02 | Queue | Villager (Male) |
| 0:02 | Queue | Villager (Male) |
| 0:02 | Queue | Villager (Male) |
| 0:03 | Queue | Villager (Male) |
| 0:04 | Build | House |
| 0:05 | Build | House |
| 1:27 | Queue | Villager (Male) |
| 1:28 | Queue | Villager (Male) |
| 1:57 | Build | Lumber Camp |
| 2:05 | Queue | Villager (Male) |
| 2:06 | Queue | Villager (Male) |
| 2:10 | Queue | Villager (Male) |
| 2:10 | Queue | Villager (Male) |
| 2:48 | Queue | Villager (Male) |
| 3:07 | Queue | Villager (Male) |
| 3:08 | Queue | Villager (Male) |
| 3:47 | Queue | Villager (Male) |
| 3:47 | Queue | Villager (Male) |
| 4:06 | Queue | Villager (Male) |
| 4:06 | Queue | Villager (Male) |
| 4:10 | Build | House |
| 4:27 | Queue | Villager (Male) |
| 4:27 | Queue | Villager (Male) |
| 4:33 | Queue | Villager (Male) |
| 4:34 | Queue | Villager (Male) |
| 4:34 | Queue | Villager (Male) |
| 4:46 | Build | House |
| 4:50 | Build | House |
| 5:27 | Queue | Villager (Male) |
| 5:27 | Queue | Villager (Male) |
| 5:28 | Queue | Villager (Male) |
| 5:29 | Queue | Villager (Male) |
| 5:29 | Queue | Villager (Male) |
| 6:22 | Queue | Villager (Male) |
| 7:14 | Build | Mining Camp |
| 7:33 | Queue | Villager (Male) |
| 7:52 | Research | Feudal Age |
| 8:06 | Build | Lumber Camp |
| 8:21 | Build | Mill |
| 9:03 | Build | Farm |
| 9:04 | Build | Farm |
| 9:05 | Build | Farm |
| 9:12 | Build | Farm |
| 9:33 | Build | Farm |
| 10:02 | Build | Farm |
| 10:08 | Age | Feudal Age |
| 10:10 | Queue | Villager (Male) |
| 10:10 | Queue | Villager (Male) |
| 10:11 | Queue | Villager (Male) |
| 10:25 | Build | Blacksmith |
| 11:05 | Queue | Villager (Male) |
| 11:27 | Build | Market |
| 11:29 | Queue | Villager (Male) |
| 11:51 | Build | House |
| 11:53 | Build | House |
| 12:04 | Queue | Villager (Male) |
| 12:27 | Build | Farm |
| 12:29 | Build | Farm |
| 12:36 | Build | Farm |
| 12:39 | Queue | Villager (Male) |
| 13:21 | Build | Mining Camp |
| 13:25 | Research | Castle Age |
| 14:15 | Research | Stone Mining |
| 14:54 | Research | Double-Bit Axe |
| 15:12 | Research | Horse Collar |
| 15:51 | Research | Loom |
| 15:51 | Queue | Villager (Male) |
| 15:52 | Queue | Villager (Male) |
| 16:05 | Age | Castle Age |
| 16:41 | Build | Town Center |
| 16:56 | Queue | Villager (Male) |
| 17:05 | Research | Gold Mining |
| 17:11 | Queue | Villager (Male) |
| 17:54 | Build | Castle |
| 18:01 | Queue | Villager (Male) |
| 18:01 | Queue | Villager (Male) |
| 18:01 | Queue | Villager (Male) |
| 18:06 | Build | Farm |
| 18:07 | Build | Farm |
| 18:08 | Build | Farm |
| 18:12 | Build | Farm |
| 18:15 | Queue | Villager (Male) |
| 18:42 | Queue | Villager (Male) |
| 18:50 | Build | Farm |
| 18:50 | Build | Farm |
| 18:50 | Build | Farm |
| 18:51 | Build | Farm |
| 18:51 | Build | Farm |
| 18:51 | Build | Farm |
| 18:52 | Build | Farm |
| 18:52 | Build | Farm |
| 18:57 | Queue | Villager (Male) |
| 19:14 | Queue | Villager (Male) |
| 19:14 | Queue | Villager (Male) |
| 19:32 | Queue | Villager (Male) |
| 19:41 | Queue | Villager (Male) |
| 19:41 | Queue | Villager (Male) |
| 19:53 | Queue | Villager (Male) |
| 20:09 | Queue | Villager (Male) |
| 20:09 | Queue | Villager (Male) |
| 20:43 | Build | Town Center |
| 20:45 | Queue | Mangudai ×2 |
| 20:46 | Queue | Mangudai ×2 |
| 20:50 | Research | Fletching |
| 20:52 | Research | Padded Archer Armor |
| 21:01 | Queue | Villager (Male) |
| 21:04 | Queue | Villager (Male) |
| 21:04 | Queue | Villager (Male) |
| 21:05 | Queue | Villager (Male) |
| 21:09 | Build | Farm |
| 21:10 | Build | Farm |
| 21:18 | Queue | Villager (Male) |
| 21:33 | Queue | Mangudai ×3 |
| 21:34 | Queue | Mangudai ×3 |
| 21:34 | Queue | Mangudai ×3 |
| 21:45 | Queue | Villager (Male) |
| 21:54 | Queue | Mangudai |
| 21:54 | Queue | Mangudai |
| 21:54 | Queue | Mangudai |
| 21:55 | Queue | Mangudai |
| 21:57 | Queue | Villager (Male) ×3 |
| 22:11 | Queue | Villager (Male) |
| 22:11 | Queue | Villager (Male) |
| 22:17 | Queue | Villager (Male) |
| 22:37 | Queue | Villager (Male) |
| 22:40 | Queue | Villager (Male) |
| 22:45 | Queue | Villager (Male) |
| 22:54 | Build | University |
| 23:02 | Build | Monastery |
| 23:09 | Queue | Villager (Male) |
| 23:15 | Queue | Mangudai ×4 |
| 23:24 | Queue | Villager (Male) |
| 23:25 | Queue | Villager (Male) |
| 23:26 | Queue | Villager (Male) |
| 23:34 | Queue | Monk |
| 23:34 | Queue | Monk |
| 23:59 | Research | Wheelbarrow |
| 24:04 | Build | Farm |
| 24:05 | Build | Farm |
| 24:06 | Build | Farm |
| 24:23 | Research | Ballistics |
| 25:03 | Queue | Villager (Male) ×5 |
| 25:06 | Build | Farm |
| 25:06 | Build | Farm |
| 25:06 | Build | Farm |
| 25:07 | Build | Farm |
| 25:07 | Build | Farm |
| 25:07 | Build | Farm |
| 25:08 | Build | Farm |
| 25:08 | Build | Farm |
Build order — KIV.Brändy
First 150 of 277 actions detected
| 0:01 | Queue | Villager (Male) |
| 0:01 | Queue | Villager (Male) |
| 0:01 | Queue | Villager (Male) |
| 0:02 | Queue | Villager (Male) |
| 0:04 | Build | House |
| 0:06 | Build | House |
| 1:18 | Queue | Villager (Male) |
| 1:18 | Queue | Villager (Male) |
| 1:57 | Queue | Villager (Male) |
| 2:12 | Queue | Villager (Male) |
| 2:24 | Build | Lumber Camp |
| 2:40 | Queue | Villager (Male) |
| 2:40 | Queue | Villager (Male) |
| 3:07 | Build | House |
| 3:09 | Build | House |
| 3:13 | Queue | Villager (Male) |
| 3:30 | Queue | Villager (Male) |
| 3:43 | Queue | Villager (Male) |
| 4:11 | Queue | Villager (Male) |
| 4:47 | Queue | Villager (Male) |
| 4:57 | Build | Barracks |
| 5:08 | Queue | Villager (Male) |
| 5:08 | Queue | Villager (Male) |
| 5:09 | Queue | Villager (Male) |
| 5:34 | Queue | Villager (Male) |
| 5:34 | Queue | Villager (Male) |
| 5:35 | Queue | Villager (Male) |
| 6:04 | Queue | Villager (Male) |
| 6:04 | Queue | Villager (Male) |
| 7:17 | Build | House |
| 7:52 | Research | Feudal Age |
| 7:57 | Build | Lumber Camp |
| 8:45 | Build | Mining Camp |
| 8:56 | Queue | Villager (Male) |
| 8:58 | Queue | Villager (Male) |
| 8:59 | Queue | Villager (Male) |
| 9:37 | Queue | Villager (Male) |
| 9:41 | Research | Loom |
| 9:42 | Queue | Villager (Male) |
| 9:43 | Queue | Villager (Male) |
| 9:43 | Queue | Villager (Male) |
| 10:07 | Age | Feudal Age |
| 10:15 | Build | Archery Range |
| 10:25 | Build | Blacksmith |
| 10:34 | Build | House |
| 10:35 | Build | House |
| 10:36 | Build | House |
| 10:45 | Queue | Villager (Male) |
| 10:45 | Queue | Villager (Male) |
| 10:52 | Build | Mill |
| 11:03 | Queue | Archer |
| 11:03 | Queue | Archer |
| 11:15 | Research | Double-Bit Axe |
| 11:46 | Build | Farm |
| 11:46 | Build | Farm |
| 11:46 | Build | Farm |
| 11:47 | Build | Farm |
| 11:55 | Build | Farm |
| 12:05 | Queue | Archer |
| 12:09 | Research | Fletching |
| 12:17 | Build | Farm |
| 12:34 | Queue | Villager (Male) |
| 12:40 | Build | Farm |
| 12:40 | Build | Farm |
| 12:40 | Build | Farm |
| 12:41 | Build | Farm |
| 12:41 | Build | Farm |
| 12:41 | Build | Farm |
| 12:48 | Build | Farm |
| 13:38 | Queue | Archer |
| 13:38 | Queue | Archer |
| 13:42 | Queue | Villager (Male) |
| 13:43 | Queue | Villager (Male) |
| 13:46 | Build | Archery Range |
| 14:19 | Queue | Villager (Male) |
| 14:19 | Queue | Villager (Male) |
| 14:20 | Queue | Villager (Male) |
| 14:20 | Queue | Villager (Male) |
| 14:23 | Build | Farm |
| 14:23 | Build | Farm |
| 14:23 | Build | Farm |
| 14:28 | Build | Farm |
| 14:29 | Build | Farm |
| 14:29 | Build | Farm |
| 14:57 | Queue | Archer |
| 14:57 | Queue | Archer |
| 14:59 | Queue | Villager (Male) |
| 14:59 | Queue | Villager (Male) |
| 15:41 | Build | Farm |
| 15:49 | Research | Horse Collar |
| 15:56 | Build | Farm |
| 15:58 | Build | Farm |
| 16:00 | Build | Farm |
| 16:18 | Build | House |
| 16:19 | Build | House |
| 16:19 | Build | House |
| 16:49 | Research | Wheelbarrow |
| 16:51 | Queue | Villager (Male) |
| 16:51 | Queue | Villager (Male) |
| 16:55 | Build | Farm |
| 16:57 | Build | Farm |
| 17:00 | Build | Farm |
| 19:32 | Research | Castle Age |
| 19:36 | Research | Padded Archer Armor |
| 19:40 | Queue | Archer ×5 |
| 19:40 | Queue | Archer ×5 |
| 19:41 | Queue | Archer ×3 |
| 19:42 | Queue | Archer |
| 22:11 | Queue | Villager (Male) ×5 |
| 22:11 | Queue | Villager (Male) ×5 |
| 22:12 | Age | Castle Age |
| 22:16 | Research | Crossbowman (upgrade) |
| 22:30 | Build | Town Center |
| 22:33 | Research | Bow Saw |
| 22:36 | Research | Heavy Plow |
| 22:39 | Research | Bodkin Arrow |
| 24:10 | Research | Leather Archer Armor |
| 24:14 | Queue | Villager (Male) ×5 |
| 24:14 | Queue | Villager (Male) ×5 |
| 24:15 | Queue | Villager (Male) ×4 |
| 25:41 | Queue | Archer ×5 |
| 25:41 | Queue | Archer ×5 |
| 25:41 | Queue | Archer ×5 |
| 25:46 | Queue | Villager (Male) ×5 |
| 25:46 | Queue | Villager (Male) ×5 |
| 25:46 | Queue | Villager (Male) ×5 |
| 25:47 | Queue | Villager (Male) ×5 |
| 26:15 | Build | House |
| 26:15 | Build | House |
| 26:16 | Build | House |
| 26:16 | Build | House |
| 26:16 | Build | House |
| 26:17 | Build | House |
| 26:17 | Build | House |
| 26:33 | Build | House |
| 26:33 | Build | House |
| 26:33 | Build | House |
| 26:34 | Build | House |
| 26:34 | Build | House |
| 26:34 | Build | House |
| 26:35 | Build | House |
| 26:35 | Build | House |
| 27:59 | Build | Farm |
| 28:31 | Build | Town Center |
| 28:44 | Build | Farm |
| 29:26 | Research | Town Watch |
| 29:27 | Queue | Villager (Male) ×5 |
| 29:27 | Queue | Villager (Male) ×5 |
| 29:28 | Queue | Villager (Male) ×5 |
| 29:28 | Queue | Villager (Male) ×5 |
Match timeline
| 4:57 | KIV.Brändy · first_building Barracks |
| 5:16 | VinceVinVin · first_building Dock |
| 7:52 | KIV.4dd44 · first_building Barracks |
| 8:29 | VinceVinVin · age_up feudal |
| 9:19 | KIV.4dd44 · age_up feudal |
| 9:28 | KIV.4dd44 · first_building Stable |
| 10:07 | KIV.Brändy · age_up feudal |
| 10:08 | Tex_T_Fode · age_up feudal |
| 10:15 | KIV.Brändy · first_building Archery Range |
| 10:15 | 4-_-Dreams · age_up feudal |
| 10:16 | VinceVinVin · first_building Barracks |
| 10:34 | SeiyaPegasus · age_up feudal |
| 11:02 | sHeoG0ratH · age_up feudal |
| 11:27 | Gjørme · age_up feudal |
| 11:59 | VinceVinVin · wall_segment Palisade Wall x1 |
| 12:36 | 4-_-Dreams · first_building Barracks |
| 12:44 | Tex_T_Fode · first_market_buy 100 food |
| 13:59 | 4-_-Dreams · first_building Archery Range |
| 14:16 | VinceVinVin · wall_segment Palisade Wall x1 |
| 14:16 | VinceVinVin · wall_segment Palisade Wall x1 |
| 14:17 | VinceVinVin · wall_segment Palisade Wall x1 |
| 14:29 | SeiyaPegasus · age_up castle |
| 14:39 | sHeoG0ratH · age_up castle |
| 14:48 | VinceVinVin · wall_segment Palisade Wall x1 |
| 14:58 | SeiyaPegasus · first_building Castle |
| 15:23 | VinceVinVin · wall_segment Palisade Wall x1 |
| 15:26 | Gjørme · age_up castle |
| 15:54 | sHeoG0ratH · first_building Castle |
| 16:05 | Tex_T_Fode · age_up castle |
| 16:10 | Gjørme · wall_segment Palisade Wall x1 |
| 16:12 | Gjørme · wall_segment Palisade Wall x1 |
| 16:16 | Gjørme · wall_segment Palisade Wall x1 |
| 16:18 | Gjørme · wall_segment Palisade Wall x1 |
| 16:19 | Gjørme · wall_segment Palisade Wall x1 |
| 16:39 | SeiyaPegasus · first_market_buy 100 wood |
| 16:39 | sHeoG0ratH · first_market_sell 100 stone |
| 16:39 | sHeoG0ratH · first_market_buy 100 wood |
| 17:39 | 4-_-Dreams · age_up castle |
| 17:54 | Tex_T_Fode · first_building Castle |
| 18:07 | VinceVinVin · first_building Archery Range |
| 19:28 | KIV.4dd44 · age_up castle |
| 19:42 | VinceVinVin · wall_segment Palisade Wall x1 |
| 20:09 | VinceVinVin · wall_segment Palisade Wall x1 |
| 20:26 | Gjørme · first_building Barracks |
| 20:57 | KIV.4dd44 · first_building Monastery |
| 21:36 | sHeoG0ratH · first_building Siege Workshop |
| 21:42 | Gjørme · first_building Archery Range |
| 22:12 | KIV.Brändy · age_up castle |
| 22:30 | KIV.4dd44 · first_building Siege Workshop |
| 23:02 | Tex_T_Fode · first_building Monastery |
| 23:31 | VinceVinVin · wall_segment Palisade Wall x1 |
| 23:33 | KIV.4dd44 · wall_segment Stone Wall x1 |
| 23:34 | KIV.4dd44 · wall_segment Stone Wall x1 |
| 23:50 | VinceVinVin · age_up castle |
| 24:14 | Gjørme · first_market_sell 100 wood |
| 24:21 | Tex_T_Fode · first_market_sell 100 stone |
| 24:32 | Gjørme · first_building Castle |
| 25:28 | VinceVinVin · wall_segment Stone Wall x1 |
| 25:48 | VinceVinVin · first_market_sell 100 wood |
| 26:27 | VinceVinVin · wall_segment Stone Wall x1 |
| 27:02 | KIV.4dd44 · first_building Castle |
| 27:04 | Gjørme · wall_segment Stone Wall x7 |
| 27:13 | Tex_T_Fode · first_building Barracks |
| 29:18 | Tex_T_Fode · first_building Stable |
| 29:29 | Tex_T_Fode · first_building Archery Range |
| 29:32 | Gjørme · first_building Dock |
| 29:55 | VinceVinVin · first_market_buy 100 wood |
| 30:15 | VinceVinVin · wall_segment Stone Wall x1 |
| 31:21 | SeiyaPegasus · age_up imperial |
| 32:30 | VinceVinVin · wall_segment Stone Wall x1 |
| 32:32 | 4-_-Dreams · first_building Monastery |
| 33:14 | VinceVinVin · wall_segment Stone Wall x1 |
| 33:15 | VinceVinVin · wall_segment Stone Wall x1 |
| 33:17 | VinceVinVin · wall_segment Stone Wall x1 |
| 33:17 | VinceVinVin · wall_segment Stone Wall x1 |
| 33:17 | VinceVinVin · wall_segment Stone Wall x1 |
| 33:21 | KIV.4dd44 · first_building Dock |
| 33:21 | KIV.4dd44 · age_up imperial |
| 33:41 | KIV.4dd44 · wall_segment Stone Wall x2 |
| 34:03 | KIV.4dd44 · wall_segment Stone Wall x8 |
| 34:56 | KIV.Brändy · first_building Siege Workshop |
| 34:59 | KIV.Brändy · first_building Castle |
| 35:47 | KIV.4dd44 · first_market_sell 500 wood |
| 35:55 | 4-_-Dreams · first_market_sell 100 wood |
| 35:55 | 4-_-Dreams · first_market_buy 100 wood |
| 35:56 | Gjørme · age_up imperial |
| 36:32 | 4-_-Dreams · age_up imperial |
| 36:53 | 4-_-Dreams · first_building Castle |
| 37:13 | VinceVinVin · first_building Siege Workshop |
| 37:22 | SeiyaPegasus · first_building Siege Workshop |
| 37:42 | Tex_T_Fode · age_up imperial |
| 37:45 | KIV.4dd44 · wall_segment Stone Wall x6 |
| 37:51 | Gjørme · first_building Siege Workshop |
| 38:02 | sHeoG0ratH · first_building Barracks |
| 38:08 | SeiyaPegasus · first_building Barracks |
| 38:11 | VinceVinVin · first_building Monastery |
| 38:36 | sHeoG0ratH · first_building Stable |
| 39:10 | sHeoG0ratH · wall_segment Stone Wall x21 |
| 39:19 | sHeoG0ratH · age_up imperial |
| 39:35 | 4-_-Dreams · tribute_sent a jugador 1 |
| 39:35 | 4-_-Dreams · tribute_sent a jugador 2 |
| 39:35 | 4-_-Dreams · tribute_sent a jugador 3 |
| 39:35 | 4-_-Dreams · tribute_sent a jugador 4 |
| 39:35 | 4-_-Dreams · tribute_sent a jugador 5 |
| 39:35 | 4-_-Dreams · tribute_sent a jugador 7 |
| 39:35 | 4-_-Dreams · tribute_sent a jugador 8 |
| 39:42 | sHeoG0ratH · wall_segment Stone Wall x17 |
| 39:43 | KIV.4dd44 · wall_segment Stone Wall x19 |
| 40:35 | KIV.4dd44 · wall_segment Stone Wall x2 |
| 41:01 | KIV.4dd44 · wall_segment Stone Wall x13 |
| 41:11 | KIV.Brändy · age_up imperial |
| 41:12 | VinceVinVin · age_up imperial |
| 41:46 | KIV.Brändy · first_building Stable |
| 41:46 | SeiyaPegasus · first_market_sell 100 food |
| 45:07 | KIV.4dd44 · wall_segment Stone Wall x4 |
| 48:33 | KIV.4dd44 · resign |
[ AI ANALYSIS · 1 CREDIT ]
What really happened in this match?
Wolo.gg analyzes every decision: build order, eco, micro, common mistakes by bracket. Personalized analysis on WhatsApp or Discord in 30 seconds.
Civ guide
Japanese
Perfil
Jugador #5527436